 Dungeon Crawl Stone Soup version 0.23.0 (webtiles) character file.

Game seed: 17603373967916048573

13735 Geeful the Fighter (level 12, -10/120 HPs)
             Began as a Naga Warper on Feb 17, 2019.
             Was an Elder of Cheibriados.
             Mangled by a vault guard
             ... wielding a +0 great sword
              (19 damage)
             ... on level 13 of the Dungeon.
             The game lasted 01:07:12 (16975 turns).

Geeful the Fighter (Naga Warper)                   Turns: 16975, Time: 01:07:13

Health: -10/120    AC: 16    Str: 25    XL:     12   Next: 9%
Magic:  21/26      EV: 20    Int: 26    God:    Cheibriados [****..]
Gold:   180        SH:  0    Dex: 29    Spells: 8/15 levels left

rFire    . . .     SeeInvis +   a - +0 glaive (protect)
rCold    . . .     Gourm    .   (shield currently unavailable)
rNeg     . . .     Faith    .   K - +1 robe {MR+}
rPois    +         Spirit   .   (no helmet)
rElec    .         Reflect  .   t - +0 cloak
rCorr    .         Harm     .   m - +0 pair of gloves
MR       ++...                  w - +4 naga barding
Stlth    +++.......             (no amulet)
HPRegen  0.30/turn              n - ring of magical power
MPRegen  0.20/turn              v - +2 ring of intelligence

@: agile, short of breath, shrouded, very slow
A: large, see invisible, deformed body, poison resistance, slowness 2, slow
metabolism 1, spit poison 1, AC +4
a: Spit Poison, Bend Time, Temporal Distortion, Slouch, Renounce Religion


You were on level 13 of the Dungeon.
You worshipped Cheibriados.
Cheibriados was greatly pleased with you.
You were hungry.

You visited 3 branches of the dungeon, and saw 15 of its levels.
You also visited: Sewer.

You collected 521 gold pieces.
You spent 341 gold pieces at shops.

Inventory:

Hand Weapons
 a - a +0 glaive of protection (weapon)
 b - a +7 blowgun
 l - a +0 spear of piercing
 D - a +2 hand axe of freezing
 H - a +2 dagger of freezing
Missiles
 e - 6 javelins (quivered)
 o - 8 poisoned needles
 E - 11 tomahawks
 G - 7 silver tomahawks
 N - 13 curare-tipped needles
Armour
 m - a +0 pair of gloves (worn)
 t - a +0 cloak (worn)
 w - a +4 naga barding (worn)
 y - a +1 buckler
 A - a +0 robe of positive energy
 K - a +1 robe of magic resistance (worn)
 L - a +0 shield
Jewellery
 h - an uncursed ring of poison resistance
 i - an uncursed amulet of faith
 n - a ring of magical power (left hand)
 v - a +2 ring of intelligence (right hand)
 x - an uncursed ring of magical power
 Q - an uncursed amulet of the gourmand {unknown}
Wands
 r - a wand of digging (8)
 u - a wand of clouds (1)
 J - a wand of polymorph (5)
 M - a wand of flame (7)
Scrolls
 c - a scroll of teleportation
 d - 4 scrolls of blinking
 j - 3 scrolls of fear
 k - 9 scrolls of remove curse
 B - 2 scrolls of amnesia
 C - a scroll of magic mapping
 O - a scroll of identify
Potions
 g - a potion of haste {unknown}
 q - 3 potions of mutation {unknown}
 s - 2 potions of flight
 z - 2 potions of lignification
 F - 5 potions of curing
 I - a potion of cancellation
 P - 2 potions of invisibility {unknown}
Comestibles
 f - 18 rations
 R - 6 chunks of flesh


   Skills:
 + Level 11.4 Fighting
 * Level 8.9 Polearms
 - Level 0.8 Throwing
 - Level 0.7 Armour
 + Level 7.2 Dodging
 - Level 3.5 Shields
 - Level 2.0 Spellcasting
 - Level 6.0 Translocations
 + Level 7.5 Invocations


You had 8 spell levels left.
You knew the following spells:

 Your Spells              Type           Power        Failure   Level  Hunger
a - Blink                 Tloc           N/A          1%          2    ##.....
b - Shroud of Golubria    Chrm/Tloc      ###.......   4%          2    ##.....
c - Teleport Other        Tloc           ####....     2%          3    ###....

Your spell library contained the following spells:

 Spells                   Type           Power        Failure   Level  Hunger
 Gell's Gravitas          Tloc           ####......   2%          3    ###....
 Lesser Beckoning         Tloc           ####......   2%          3    ###....
 Passage of Golubria      Tloc           N/A          9%          4    ####...
 Magic Dart               Conj           #...         11%         1    None
 Searing Ray              Conj           #.....       16%         2    ##.....
 Dazzling Spray           Conj/Hex       #.....       30%         3    ###....
 Force Lance              Conj/Tloc      ###.....     30%         4    ####...
 Fulminant Prism          Conj/Hex       #.........   71%         4    ####...
 Iskenderun's Mystic Bla  Conj           #.......     71%         4    ####...


Dungeon Overview and Level Annotations

Branches:
Dungeon (13/15)            Temple (1/1) D:4             Orc (1/2) D:9
   Lair: D:8-11      Vaults: D:13-14

Altars:
Ashenzari
Cheibriados
Dithmenos
Elyvilon
Fedhas
Kikubaaqudgha
Makhleb
Okawaru
Qazlal
Ru
Sif Muna
Trog
Uskayaw
Vehumet
Wu Jian
Xom
Yredelemnul
Zin
Beogh

Shops:
D:9 (   D:10 *   D:13 (

Annotations:
D:6 3 runed translucent doors, DrEnzyme's ghost, novice DDWn; SteelSquire's ghost, novice DsFi
D:8 1 runed translucent door


Innate Abilities, Weirdness & Mutations

You cannot wear boots.
Your serpentine skin is tough. (AC +4)
You have supernaturally acute eyesight. (SInv)
Armour fits poorly on your strangely shaped body.
Your system is resistant to poisons. (rPois)
You cover ground very slowly.
You have a slow metabolism.
You can spit poison.


Message History

Evoke which item? (* to show all) (? for menu, Esc to quit)
Okay, then.
You feel agile all of a sudden.
The vault guard is no longer moving slowly.
The vault guard looks more healthy.
Casting: Shroud of Golubria (safe; 4% risk of failure)
Confirm with . or Enter, or press ? or * to list all spells.
Space distorts slightly along a thin shroud covering your body.
You are feeling hungry.
You have got your breath back.
The vault guard is engulfed in noxious fumes.
The vault guard closely misses you.
Press: ? - help, Shift-Dir - straight line, f/p - vault guard
Aim: a vault guard, wielding a +0 great sword and wearing a +0 chain mail (noxious fumes, heavily wounded)
The splash of poison misses the vault guard.
You feel slightly more hungry.
The vault guard is engulfed in noxious fumes.
The vault guard appears confused.
The vault guard hits you with a +0 great sword!!
You die...

..............#.#####
#..####...
..........†...#.# #..#
#... ........#######.#
#..####...
########'#.......#
#.........
.................#
#.........
.................#
####.........
...............))#
.............
#.......##....##)#
####.........
#.......####'###@#
..#......... #.......#
.... #p# #.#..#######
##....).##.... #§# #.#..#
#.... ∩#........... #☼#
#.#..# #.... ##..........
#§#####.#.## #....
........########.........#
#...>
........##....##(....#####
#....
#......<.............#
#....
#....................#
#....


You could see a vault guard (confused).

Vanquished Creatures
  Erolcha (D:12)
  A two-headed ogre (D:12)
  Sonja (D:12)
  2 unseen horrors
  2 manticores
  2 komodo dragons
  2 trolls
  Grinder (D:6)
  2 hippogriffs
  A spriggan (D:7)
  3 yaks (D:10)
  A human (D:13)
  A basilisk (D:13)
  3 vampire mosquitoes (D:13)
  A hungry ghost (D:13)
  A steam dragon (D:13)
  2 soldier ants
  A sky beast (D:8)
  3 ice beasts
  6 ogres
  4 orc warriors
  A necrophage (D:11)
  2 phantoms
  4 wolves (D:9)
  5 centaurs
  2 big kobolds
  A crocodile (D:7)
  8 bullfrogs
  A wyvern zombie (D:13)
  A water moccasin zombie (D:6)
  A jelly (D:10)
  8 scorpions
  A wyvern skeleton (D:11)
  10 killer bees
  5 wights (D:10)
  A howler monkey (D:6)
  3 crimson imps
  2 bullfrog zombies
  2 centaur zombies
  A quasit (D:13)
  4 orc priests
  9 hounds
  2 bullfrog skeletons
  3 centaur skeletons
  10 orc wizards
  6 worker ants
  6 iguanas
  A hound zombie (D:7)
  7 gnolls
  10 adders
  2 river rats (Sewer)
  3 shadow imps
  2 oozes
  An adder zombie (D:5)
  2 worms
  2 dart slugs
  7 leopard geckos
  39 orcs
  3 giant cockroaches
  4 goblins
  6 hobgoblins
  13 jackals
  3 quokkas
  A ball python (D:3)
  3 bats
  3 frilled lizards
  A giant cockroach zombie (D:6)
  A jackal skeleton (D:8)
  16 kobolds
  A leopard gecko skeleton (D:4)
  A quokka skeleton (D:5)
  12 rats
284 creatures vanquished.

Vanquished Creatures (others)
  A vault guard (D:13)
  5 dream sheep (D:3)
  A wyvern (D:13)
  2 humans (D:13)
  An orc wizard (D:5)
10 creatures vanquished.

Grand Total: 294 creatures vanquished

Notes
Turn   | Place    | Note
-------+----------+-------------------------------------------
     0 | D:1      | Geeful the Naga Warper began the quest for the Orb.
     0 | D:1      | Reached XP level 1. HP: 19/19 MP: 3/3
   415 | D:1      | Reached XP level 2. HP: 27/27 MP: 5/5
   423 | D:1      | Learned a level 2 spell: Blink
   426 | D:1      | Learned a level 2 spell: Shroud of Golubria
   921 | D:2      | Reached skill level 3 in Fighting
   924 | D:2      | Found a white marble altar of Elyvilon.
  1116 | D:2      | Reached XP level 3. HP: 28/34 MP: 6/6
  1823 | D:3      | Reached XP level 4. HP: 37/44 MP: 7/7
  1843 | D:3      | Reached skill level 4 in Fighting
  1886 | D:3      | Found a glowing drain.
  1895 | Sewer    | Entered a sewer
  2218 | Sewer    | Noticed a big kobold
  2235 | Sewer    | Killed a big kobold
  2235 | Sewer    | Reached XP level 5. HP: 39/51 MP: 8/8
  2360 | Sewer    | Found a glowing silver altar of Zin.
  2454 | D:3      | Reached skill level 5 in Fighting
  2563 | D:3      | Learned a level 3 spell: Teleport Other
  2644 | D:3      | Found a stormy altar of Qazlal.
  2696 | D:3      | Reached XP level 6. HP: 56/61 MP: 9/9
  3360 | D:3      | Noticed a dream sheep
  3360 | D:3      | Noticed a dream sheep
  3360 | D:3      | Noticed a dream sheep
  3360 | D:3      | Noticed a dream sheep
  3360 | D:3      | Noticed a dream sheep
  3360 | D:3      | Found a shimmering altar of Xom.
  3363 | D:3      | Killed a dream sheep
  3363 | D:3      | Reached skill level 6 in Fighting
  3364 | D:3      | Killed a dream sheep
  3364 | D:3      | Killed a dream sheep
  3364 | D:3      | Killed a dream sheep
  3365 | D:3      | Killed a dream sheep
  3688 | D:4      | Reached skill level 5 in Translocations
  3688 | D:4      | Reached XP level 7. HP: 56/70 MP: 10/10
  3771 | D:4      | Found a blossoming altar of Fedhas.
  3771 | D:4      | Found a bloodstained altar of Trog.
  3772 | D:4      | Found an ancient bone altar of Kikubaaqudgha.
  3794 | D:4      | Found a staircase to the Ecumenical Temple.
  3818 | Temple   | Entered the Ecumenical Temple
  3853 | Temple   | Became a worshipper of Cheibriados the Contemplative
  4602 | D:5      | Entered Level 5 of the Dungeon
  5127 | D:5      | Reached skill level 7 in Fighting
  5431 | D:5      | Reached XP level 8. HP: 77/81 MP: 11/11
  5482 | D:5      | HP: 3/81 [shadow imp/nerve-wracking pain (11)]
  5824 | D:5      | Reached skill level 8 in Fighting
  5983 | D:5      | Reached skill level 1 in Shields
  6128 | D:5      | Found a shadowy altar of Dithmenos.
  6782 | D:6      | Found a runed translucent gate.
  6782 | D:6      | Found a runed translucent gate.
  6782 | D:6      | Found a runed translucent gate.
  6783 | D:6      | Noticed SteelSquire's ghost (novice DsFi)
  6784 | D:6      | Noticed DrEnzyme's ghost (novice DDWn)
  6995 | D:6      | Noticed Grinder
  7001 | D:6      | Killed Grinder
  8278 | D:6      | Reached XP level 9. HP: 76/90 MP: 12/12
  9008 | D:7      | Reached skill level 9 in Fighting
  9766 | D:8      | Found a runed translucent door.
  9769 | D:8      | Found a burning altar of Makhleb.
  9916 | D:8      | Reached skill level 1 in Invocations
 10414 | D:8      | Noticed a five-headed hydra
 10675 | D:10     | Entered Level 10 of the Dungeon
 10722 | D:9      | Noticed a troll
 10844 | D:9      | Found an iron altar of Okawaru.
 11033 | D:9      | Found a stormy altar of Qazlal.
 11081 | D:9      | Reached skill level 5 in Dodging
 11225 | D:9      | Found Liruesm's Antique Weapon Shop.
 11242 | D:9      | Bought a glowing glaive for 275 gold pieces
 11271 | D:9      | Reached XP level 10. HP: 99/102 MP: 13/13
 11300 | D:9      | Reached * piety under Cheibriados
 11305 | D:9      | Reached skill level 10 in Fighting
 12235 | D:9      | Found a staircase to the Orcish Mines.
 12262 | D:9      | Found a roughly hewn altar of Beogh.
 12335 | Orc:1    | Entered Level 1 of the Orcish Mines
 12408 | D:10     | Reached ** piety under Cheibriados
 13092 | D:10     | Reached skill level 5 in Polearms
 13092 | D:10     | Reached skill level 5 in Invocations
 13128 | D:10     | Reached *** piety under Cheibriados
 13439 | D:10     | Found Maosiqeo's Assorted Antiques.
 13480 | D:10     | Bought a scroll labeled NUYMEU KAWIOT for 33 gold pieces
 13480 | D:10     | Bought a scroll labeled ROKHLU ERULEUF for 33 gold pieces
 14097 | D:11     | Reached XP level 11. HP: 107/110 MP: 15/15
 14412 | D:11     | Found a hide-covered altar of Uskayaw.
 14644 | D:12     | Noticed a two-headed ogre
 14653 | D:12     | Killed a two-headed ogre
 14886 | D:12     | Noticed an unseen horror
 14894 | D:12     | Killed an unseen horror
 14973 | D:12     | Noticed Sonja
 15004 | D:12     | Noticed a manticore
 15085 | D:12     | Killed Sonja
 15085 | D:12     | Reached skill level 11 in Fighting
 15335 | D:12     | Killed a manticore
 15392 | D:12     | Reached **** piety under Cheibriados
 15508 | D:12     | Noticed Erolcha
 15515 | D:12     | Killed Erolcha
 15754 | D:13     | Found Mackiug's Weapon Shoppe.
 15919 | D:13     | Noticed a manticore
 15932 | D:13     | Killed a manticore
 16470 | D:13     | Noticed an unseen horror
 16480 | D:13     | Killed an unseen horror
 16502 | D:13     | Noticed a vault guard
 16502 | D:13     | Noticed a vault guard
 16646 | D:13     | Reached XP level 12. HP: 93/120 MP: 17/17
 16744 | D:13     | Killed a vault guard
 16975 | D:13     | Mangled by a vault guard

Skill      XL: |  1  2  3  4  5  6  7  8  9 10 11 |
---------------+----------------------------------+-----
Fighting       | 3 4 5 6 7 8 9 10 11 | 11.4
Translocations | 4 5 6 |  6.0
Shields        | 3 |  3.5
Dodging        | 2 5 6 7 |  7.2
Invocations    | 3 5 7 |  7.5
Polearms       | 5 8 |  8.9
Throwing       | |  0.8
Armour         | |  0.7
Spellcasting   | |  2.0

Action                   |  1- 3 |  4- 6 |  7- 9 | 10-12 || total
-------------------------+-------+-------+-------+-------++-------
Melee: Spear             |    15 |       |       |       ||    15
       Dagger            |    66 |   146 |   546 |       ||   758
       Hand axe          |       |       |   107 |       ||   107
       Glaive            |       |       |     3 |   553 ||   556
 Fire: Blowgun           |       |       |     6 |     1 ||     7
Throw: Tomahawk          |       |     4 |       |       ||     4
       Javelin           |       |       |     7 |       ||     7
 Cast: Shroud of Golubri |       |     1 |     9 |    28 ||    38
       Teleport Other    |       |       |     1 |       ||     1
Invok: Bend Time         |       |       |    31 |     9 ||    40
 Abil: Spit Poison       |     5 |    13 |    49 |    42 ||   109
Evoke: Wand              |       |       |    11 |     2 ||    13
  Use: Scroll            |     9 |       |     9 |     7 ||    25
       Potion            |       |     5 |     3 |     3 ||    11
 Stab: Sleeping          |     2 |       |       |     2 ||     4
       Distracted        |       |       |       |     2 ||     2
  Eat: Chunk             |     2 |     2 |    18 |    12 ||    34
       Ration            |       |     1 |     3 |     1 ||     5
Armor: Leather armour    |    15 |    45 |   167 |       ||   227
       Skin              |       |    11 |       |       ||    11
       Robe              |       |       |    92 |   417 ||   509
Dodge: Dodged            |    37 |    78 |   270 |   587 ||   972
Block: Buckler           |       |       |   111 |       ||   111
